 Dungeon Crawl Stone Soup version 0.21.0-3-g78d12a8 (webtiles) character file.

258 asthiss the Covered (level 5, 0/48 HPs)
             Began as a Minotaur Fighter on Jan 9, 2018.
             Was an Initiate of Okawaru.
             Slain by a jackal (1 damage)
             ... on level 4 of the Dungeon.
             The game lasted 00:10:48 (2800 turns).

asthiss the Covered (Minotaur Fighter)              Turns: 2800, Time: 00:10:49

Health: 0/48       AC:  7    Str: 21    XL:     5   Next: 94%
Magic:  4/4        EV:  7    Int:  5    God:    Okawaru [......]
Gold:   203        SH: 11    Dex: 10    Spells: 4/4 levels left

rFire    + . .     SeeInvis .   a - +1 long sword
rCold    x . .     Gourm    .   c - +1 shield
rNeg     . . .     Faith    .   b - +0 scale mail
rPois    .         Spirit   .   (helmet restricted)
rElec    .         Reflect  .   (no cloak)
rCorr    .         Harm     .   (no gloves)
MR       .....                  (no boots)
Stlth    ..........             (no amulet)
HPRegen  0.16/turn              l - ring of fire
MPRegen  0.09/turn              (no ring)

@: lethally poisoned (0 -> -1)
A: retaliatory headbutt, horns 2
a: Renounce Religion


You were on level 4 of the Dungeon.
You worshipped Okawaru.
Okawaru was noncommittal.
You were not hungry.

You visited 1 branch of the dungeon, and saw 4 of its levels.

You collected 203 gold pieces.

Inventory:

Hand Weapons
 a - a +1 long sword (weapon)
Missiles
 e - 5 tomahawks of returning
 m - 5 javelins (quivered)
Armour
 b - a +0 scale mail (worn)
 c - a +1 shield (worn)
Jewellery
 l - a ring of fire (left hand)
Scrolls
 g - 2 scrolls of magic mapping
 h - 2 scrolls of enchant armour
 i - 6 scrolls of identify
 j - 2 scrolls of remove curse
 k - 2 scrolls of teleportation
Comestibles
 f - 3 rations


   Skills:
 + Level 5.0 Fighting
 + Level 4.2 Long Blades
 + Level 0.4 Throwing
 + Level 5.1 Armour
 + Level 5.0 Shields


You had 4 spell levels left.
You didn't know any spells.

Dungeon Overview and Level Annotations

Branches:
Dungeon (4/15)
 Temple: D:4-7

Altars:
Elyvilon
Makhleb
Okawaru
Sif Muna


Innate Abilities, Weirdness & Mutations

You reflexively headbutt those who attack you in melee.
You have a pair of horns on your head.


Message History

The phantom hits you but does no damage.
The leopard gecko barely misses you.
You riposte.
You barely miss the leopard gecko.
The leopard gecko is severely wounded.
The jackal bites you.
* * * LOW HITPOINT WARNING * * *
The phantom hits you.
* * * LOW HITPOINT WARNING * * *
You barely miss the leopard gecko. Your headbutt misses the leopard gecko.
The leopard gecko is severely wounded.
You block the leopard gecko's attack.
The jackal bites you but does no damage.
The phantom hits you.
* * * LOW HITPOINT WARNING * * *
You block the jackal's attack. The leopard gecko closely misses you.
Your shield and scale mail prevent you from hitting the leopard gecko.
The leopard gecko is severely wounded.
* * * LOW HITPOINT WARNING * * *
You feel sick. The jackal bites you.
You die...

...........####.####
...........#..#.#..#
...........#...#...#
#'###......####.####
#.<.#.....## #.#.#
#...#.....## ##.####
#...#.....##.#...#.#
#...#.....##.......#
#####.....##....@..#
###....#...hlW.#
....#.......#
#.......# #.......#
#.......# #...⌠...#
#.......#


You could see a phantom, a leopard gecko and a jackal.

Vanquished Creatures
  3 orc priests (D:3)
  An orc wizard (D:3)
  6 adders
  An ooze (D:1)
  2 worms (D:2)
  2 dart slugs (D:3)
  2 leopard geckos (D:1)
  7 orcs
  2 giant cockroaches
  11 goblins
  5 hobgoblins
  5 kobolds (D:1)
  A quokka (D:2)
  2 ball pythons (D:1)
  6 bats
  6 frilled lizards
  8 rats
70 creatures vanquished.

Notes
Turn   | Place    | Note
-------+----------+-------------------------------------------
     0 | D:1      | asthiss the Minotaur Fighter began the quest for the Orb.
     0 | D:1      | Reached XP level 1. HP: 19/19 MP: 0/0
   149 | D:1      | Reached XP level 2. HP: 27/27 MP: 1/1
   626 | D:1      | Reached XP level 3. HP: 33/33 MP: 2/2
  1395 | D:2      | Reached XP level 4. HP: 41/41 MP: 3/3
  1744 | D:3      | Reached XP level 5. HP: 9/47 MP: 4/4
  2142 | D:3      | Reached skill level 5 in Armour
  2364 | D:3      | Reached skill level 5 in Fighting
  2478 | D:3      | Found an iron altar of Okawaru.
  2482 | D:3      | Became a worshipper of Warmaster Okawaru
  2488 | D:3      | Found a burning altar of Makhleb.
  2504 | D:3      | Found a white marble altar of Elyvilon.
  2507 | D:3      | Found a deep blue altar of Sif Muna.
  2576 | D:3      | Reached skill level 5 in Shields
  2579 | D:3      | Found a faded altar of an unknown god.
  2782 | D:4      | Noticed a phantom
  2798 | D:4      | HP: 4/48 [phantom (6)]
  2800 | D:4      | HP: 1/48 [poisoned by an adder]
  2800 | D:4      | Slain by a jackal

Skill      XL: |  1  2  3  4  5 |
---------------+----------------+-----
Fighting       | 4 5 |  5.0
Armour         | 4 5 |  5.1
Shields        | 4 5 |  5.0
Long Blades    | 3 4 |  4.2
Throwing       | |  0.4

Action                   |  1- 3 |  4- 6 || total
-------------------------+-------+-------++-------
Melee: Long sword        |   123 |   101 ||   224
       Headbutt          |    15 |    10 ||    25
  Use: Scroll            |     8 |     2 ||    10
       Potion            |     5 |     3 ||     8
  Eat: Chunk             |     2 |     4 ||     6
Armor: Scale mail        |    51 |    66 ||   117
Dodge: Dodged            |    30 |    26 ||    56
Block: Shield            |    76 |    79 ||   155
       Rpst.: Long sword |     6 |     5 ||    11
